 Dungeon Crawl Stone Soup version 0.21.1-1-g345015f (webtiles) character file.

534 vatarom the Ruffian (level 7, -2/57 HPs)
             Began as a Grey Draconian Transmuter on Mar 27, 2018.
             Slain by an orc wizard
             ... wielding a +0 dagger
              (3 damage)
             ... on level 5 of the Dungeon.
             The game lasted 00:12:02 (3994 turns).

vatarom the Ruffian (Grey Draconian Transmuter)     Turns: 3994, Time: 00:12:03

Health: -2/57      AC:  2    Str: 13    XL:     7   Next: 4%
Magic:  7/10       EV: 21    Int: 17    God:
Gold:   203        SH:  0    Dex: 17    Spells: 4/10 levels left

rFire    . . .     SeeInvis .     - Unarmed
rCold    . . .     Gourm    .   (shield currently unavailable)
rNeg     . . .     Faith    .   (armour unavailable)
rPois    x         Spirit   .   (helmet currently unavailable)
rElec    .         Reflect  .   (cloak currently unavailable)
rCorr    .         Harm     .   (gloves currently unavailable)
MR       .....                  (boots currently unavailable)
Stlth    ++........             (no amulet)
HPRegen  0.19/turn              o - +3 ring of intelligence
MPRegen  0.12/turn              (no ring)

@: spider-form (expiring), very slightly contaminated
A: tiny, (walk through water), unfitting armour, AC +11
a: End Transformation


You were on level 5 of the Dungeon.
You were not hungry.
You were a venomous arachnid creature.
You visited 1 branch of the dungeon, and saw 5 of its levels.

You collected 203 gold pieces.

Inventory:

Missiles
 a - 40 arrows
Armour
 r - a cursed +0 pair of gloves (melded)
Jewellery
 o - a +3 ring of intelligence (left front leg)
 q - the cursed ring "Ronil" {rElec Str-2, unknown}
   (You found it on level 4 of the Dungeon)

   [ring of strength]

   It affects your strength (-2).
   It insulates you from electricity.
   It has a curse placed upon it.
Wands
 l - a wand of flame (22)
Scrolls
 d - a scroll of magic mapping
 f - 2 scrolls of teleportation
 i - a scroll of remove curse
 j - a scroll of fear
 k - a scroll of enchant weapon
 m - a scroll of enchant armour
Potions
 g - a potion of invisibility
 h - a potion of lignification {unknown}
 n - a potion of curing {unknown}
 p - a potion of might {unknown}
 t - a potion of degeneration {unknown}
Books
 b - a book of Changes

   Spells                             Type                      Level
   a - Beastly Appendage              Transmutation                1
   b - Sticks to Snakes               Transmutation                2
   c - Spider Form                    Transmutation/Poison         3
   d - Ice Form                       Ice/Transmutation            4
   e - Blade Hands                    Transmutation                5
Comestibles
 c - 8 rations
 s - 6 chunks of flesh


   Skills:
 + Level 3.4 Fighting
 + Level 3.2 Dodging
 * Level 5.3 Unarmed Combat
 - Level 2.0 Spellcasting
 * Level 4.5 Transmutations


You had 4 spell levels left.
You knew the following spells:

 Your Spells              Type           Power        Failure   Level  Hunger
a - Beastly Appendage     Tmut           ###...       11%         1    #......
b - Sticks to Snakes      Tmut           ###.....     14%         2    ###....
c - Spider Form           Tmut/Pois      #.........   43%         3    ###....


Dungeon Overview and Level Annotations

Branches:
Dungeon (5/15)
 Temple: D:4-7

Altars:
Cheibriados
Elyvilon
Hepliaklqana
Kikubaaqudgha


Innate Abilities, Weirdness & Mutations

((You can walk through water.))
((Your dull iron-grey scales are very hard. (AC +11)))
You cannot fit into any form of body armour.
((You can survive without breathing.))
((You are cold-blooded and may be slowed by cold attacks.))


Message History

* * * LOW HITPOINT WARNING * * *
You kill the orc priest!
You have reached level 7!
Your scales start taking on a dull iron-grey colour.
You learn Air Magic much slower.
You learn Earth Magic much quicker.
You can walk through water.
You feel breathless.
Your transformation is almost over.
The orc priest completely misses you. Something closely misses you.
You hit something but do no damage.
The orc priest hits you with a hand axe.
* * * LOW HITPOINT WARNING * * *
Something hits you.
* * * LOW HITPOINT WARNING * * *
Unknown command.
You hit something.
The orc priest hits you with a hand axe.
* * * LOW HITPOINT WARNING * * *
Something hits you.
You die...

#......#.###........
#...................
#...................
#......)............
#......###.#........
#####.###....##.#...
..#######...........#...
.......{................
...####s######..#####.##
#o# #..# #.##
.......†......(.. ....
...####.######..# .##
#.# .... # #.. .. # ...
# ### .


You could see an orc priest.

Vanquished Creatures
  A scorpion (D:4)
  A howler monkey (D:4)
  3 orc priests
  A hound (D:4)
  Natasha (twice) (D:3)
  2 orc wizards
  4 worker ants
  4 adders
  An ooze (D:1)
  An adder zombie (D:5)
  An adder skeleton (D:4)
  10 orcs
  2 ball pythons
  5 giant cockroaches
  A goblin (D:3)
  2 hobgoblins
  10 jackals
  5 quokkas
  6 bats
  5 frilled lizards
  A giant cockroach zombie (D:5)
  5 kobolds
  A quokka skeleton (D:4)
  6 rats
80 creatures vanquished.

Vanquished Creatures (collateral kills)
  Natasha (D:3)
1 creature vanquished.

Grand Total: 81 creatures vanquished

Notes
Turn   | Place    | Note
-------+----------+-------------------------------------------
     0 | D:1      | vatarom the Draconian Transmuter began the quest for the Orb.
     0 | D:1      | Reached XP level 1. HP: 16/16 MP: 3/3
   336 | D:1      | Reached XP level 2. HP: 23/23 MP: 3/5
   510 | D:1      | Learned a level 2 spell: Sticks to Snakes
  1023 | D:2      | Reached XP level 3. HP: 29/29 MP: 4/6
  1441 | D:3      | Learned a level 3 spell: Spider Form
  1452 | D:3      | Noticed Natasha
  1457 | D:3      | Killed Natasha
  1457 | D:3      | Reached XP level 4. HP: 26/36 MP: 3/7
  1713 | D:3      | Noticed Natasha
  1721 | D:3      | Killed Natasha
  1721 | D:3      | Reached skill level 4 in Unarmed Combat
  1792 | D:3      | Found an ancient bone altar of Kikubaaqudgha.
  1794 | D:3      | Found a white marble altar of Elyvilon.
  1840 | D:3      | Found a faded altar of an unknown god.
  1962 | D:3      | Found a snail-covered altar of Cheibriados.
  1963 | D:3      | Noticed Natasha
  1971 | D:3      | Killed Natasha
  2177 | D:3      | Reached XP level 5. HP: 42/42 MP: 4/8
  3131 | D:4      | Reached XP level 6. HP: 50/50 MP: 5/9
  3361 | D:4      | Reached skill level 5 in Unarmed Combat
  3617 | D:4      | Got a scorched jade ring
  3696 | D:4      | Found a hazy altar of Hepliaklqana.
  3801 | D:5      | Entered Level 5 of the Dungeon
  3991 | D:5      | Your scales start taking on a dull iron-grey colour.
  3991 | D:5      | Reached XP level 7. HP: 14/57 MP: 7/10
  3991 | D:5      | Gained mutation: You can survive without breathing. [Grey Draconian growth]
  3994 | D:5      | HP: 1/57 [orc priest/hand axe (6)]
  3994 | D:5      | Slain by an orc wizard

Skill      XL: |  1  2  3  4  5  6 |
---------------+-------------------+-----
Dodging        | 2 3 |  3.2
Fighting       | 2 3 |  3.4
Unarmed Combat | 4 5 |  5.3
Transmutations | 3 4 |  4.5
Spellcasting   | |  2.0

Action                   |  1- 3 |  4- 6 |  7- 9 || total
-------------------------+-------+-------+-------++-------
Melee: Unarmed           |   101 |   202 |     2 ||   305
       Kick              |    10 |     6 |       ||    16
       Tailslap          |     8 |    21 |       ||    29
       Headbutt          |       |     9 |       ||     9
       Punch             |       |     5 |       ||     5
 Cast: Beastly Appendage |    18 |    18 |       ||    36
       Sticks to Snakes  |     1 |     5 |       ||     6
       Spider Form       |     1 |     8 |       ||     9
 Abil: End Transformatio |       |     1 |       ||     1
  Use: Scroll            |     5 |     3 |       ||     8
       Potion            |       |     2 |       ||     2
 Stab: Sleeping          |       |     1 |       ||     1
  Eat: Chunk             |     2 |     5 |       ||     7
       Ration            |       |     2 |       ||     2
Armor: Skin              |    40 |    63 |       ||   103
Dodge: Dodged            |    94 |   132 |     2 ||   228
